TOP OF THE 1ST |
Pittsburgh Pirates batting - Pitching for Colorado Rockies : RHP Vince Scripp
|
Pitching: RHP Vince Scripp
|
|
Batting: LHB Micah Boshnjaku
|
0-0: Ball 1-0: Ball 2-0: Foul Ball, location: 2F 2-1: Foul Ball, location: 2F 2-2: SINGLE (Flyball, 78M, EV 84.4 MPH)
|
Batting: RHB David Contreras
|
0-0: Ball 1-0: Ball Micah Boshnjaku steals 2nd base 2-0: Foul Ball, location: 2F 2-1: Foul Ball, location: 2F 2-2: Ball 3-2: Foul Ball, location: 2F 3-2: Hit by Pitch
|
Batting: SHB Marvin McAleer
|
0-0: Ball 1-0: Ball 2-0: Ball 3-0: Base on Balls Micah Boshnjaku to third David Contreras to second
|
Batting: SHB Jack Andrews
|
0-0: Called Strike 0-1: Ball 1-1: Called Strike 1-2: Ball 2-2: Foul Ball, location: 2F 2-2: Fly out, F9 (Line Drive, 9S, EV 98.8 MPH)
|
Batting: LHB Chris Salim
|
0-0: Called Strike 0-1: Ball 1-1: Ball 2-1: Ball 3-1: Base on Balls Micah Boshnjaku scores David Contreras to third Marvin McAleer to second
|
Batting: RHB Jason Moss
|
0-0: Ball 1-0: Ball 2-0: Swinging Strike 2-1: Foul Ball, location: 2F 2-2: Ball 3-2: Fly out, F9 (Flyball, 9LM, EV 95.0 MPH) Runner from 3rd tags up, SCORES, no throw by RF
|
Batting: RHB Jerry Escamilla
|
0-0: Ball 1-0: Ball 2-0: Ball 3-0: Called Strike 3-1: Base on Balls Marvin McAleer to third Chris Salim to second
|
Batting: SHB Brad Day
|
0-0: Ball 1-0: Ball 2-0: Swinging Strike 2-1: Ball 3-1: Base on Balls Marvin McAleer scores Chris Salim to third Jerry Escamilla to second
|
Batting: SHB Trevor Weareorwear
|
0-0: Called Strike 0-1: Foul Ball, location: 2F 0-2: Ball 1-2: Fly out, F8 (Flyball, 8RD, EV 105.0 MPH)
|
Top of the 1st over - 3 runs, 1 hit, 0 errors, 3 left on base; Pittsburgh 3 - Colorado 0 |
BOTTOM OF THE 1ST |
Colorado Rockies batting - Pitching for Pittsburgh Pirates : LHP Felix Bernal
|
Pitching: LHP Felix Bernal
|
|
Batting: RHB Henry Alvizo
|
0-0: Foul Ball, location: 2F 0-1: Ball 1-1: Ball 2-1: Foul Ball, location: 2F 2-2: Ball 3-2: Strikes out swinging
|
Batting: RHB Joel Haycock
|
0-0: Foul Ball, location: 2F 0-1: Ball 1-1: Ball 2-1: Called Strike 2-2: Foul Ball, location: 2F 2-2: Foul Ball, location: 2F 2-2: Fly out, F9 (Flyball, 9D, EV 102.5 MPH)
|
Batting: SHB Andy Vivas
|
0-0: Ball 1-0: Fly out, F7 (Flyball, 78M, EV 88.8 MPH)
|
Bottom of the 1st over - 0 runs, 0 hits, 0 errors, 0 left on base; Pittsburgh 3 - Colorado 0 |
TOP OF THE 2ND |
Pittsburgh Pirates batting - Pitching for Colorado Rockies : RHP Vince Scripp
|
Batting: LHB Micah Boshnjaku
|
0-0: Called Strike 0-1: Ball 1-1: Ground out 2-3 (Groundball, 15S, EV 73.1 MPH)
|
Batting: RHB David Contreras
|
0-0: Swinging Strike 0-1: Foul Ball, location: 2F 0-2: Ball 1-2: Strikes out swinging
|
Batting: SHB Marvin McAleer
|
0-0: Ball 1-0: Foul Ball, location: 2F 1-1: SINGLE (Groundball, 56D, EV 96.9 MPH)
|
Batting: SHB Jack Andrews
|
0-0: Ball 1-0: Called Strike 1-1: Fly out, F7 (Line Drive, 78D, EV 106.2 MPH)
|
Top of the 2nd over - 0 runs, 1 hit, 0 errors, 1 left on base; Pittsburgh 3 - Colorado 0 |
BOTTOM OF THE 2ND |
Colorado Rockies batting - Pitching for Pittsburgh Pirates : LHP Felix Bernal
|
Batting: RHB Jason Andrews
|
0-0: Ball 1-0: Foul Ball, location: 2F 1-1: Ball 2-1: Fly out, F8 (Flyball, 8LM, EV 78.8 MPH)
|
Batting: SHB Eddie Quinones
|
0-0: Ball 1-0: Ground out 1-3 (Groundball, 15S, EV 69.4 MPH)
|
Batting: LHB Shawn Morrison
|
0-0: Ball 1-0: Foul Ball, location: 2F 1-1: Ball 2-1: Ball 3-1: Foul Ball, location: 2F 3-2: Strikes out swinging
|
Bottom of the 2nd over - 0 runs, 0 hits, 0 errors, 0 left on base; Pittsburgh 3 - Colorado 0 |
TOP OF THE 3RD |
Pittsburgh Pirates batting - Pitching for Colorado Rockies : RHP Vince Scripp
|
Batting: LHB Chris Salim
|
0-0: Foul Ball, location: 2F 0-1: Swinging Strike 0-2: Ball 1-2: Strikes out looking
|
Batting: RHB Jason Moss
|
0-0: Called Strike 0-1: Ball 1-1: Ball 2-1: Called Strike 2-2: Foul Ball, location: 2F 2-2: Ball 3-2: Base on Balls
|
Batting: RHB Jerry Escamilla
|
0-0: Called Strike 0-1: Ball 1-1: 2-RUN HOME RUN (Flyball, 7LD, EV 96.9 MPH), Distance : 364 ft
|
Pitching: LHP Xu-gang Zhou
|
|
Batting: SHB Brad Day
|
0-0: Foul Ball, location: 2F 0-1: Ball 1-1: Ball 2-1: Called Strike 2-2: Ball 3-2: Strikes out looking
|
Batting: SHB Trevor Weareorwear
|
0-0: Foul Ball, location: 2F 0-1: Ball 1-1: Ball 2-1: Ball 3-1: Base on Balls
|
Batting: LHB Micah Boshnjaku
|
0-0: Called Strike 0-1: Ball 1-1: Ground out 4-3 (Groundball, 13, EV 82.5 MPH)
|
Top of the 3rd over - 2 runs, 1 hit, 0 errors, 1 left on base; Pittsburgh 5 - Colorado 0 |
BOTTOM OF THE 3RD |
Colorado Rockies batting - Pitching for Pittsburgh Pirates : LHP Felix Bernal
|
Batting: RHB Ryan Rinaldi
|
0-0: Ball 1-0: Called Strike 1-1: Called Strike 1-2: Foul Ball, location: 2F 1-2: Foul Ball, location: 2F 1-2: Ball 2-2: Ground out 4-3 (Groundball, 4, EV 89.4 MPH)
|
Batting: SHB Jon Munoz
|
0-0: Ball 1-0: Fly out, F7 (Line Drive, 7S, EV 112.5 MPH)
|
Batting: RHB Bobby Bowman
|
0-0: Called Strike 0-1: Swinging Strike 0-2: Foul Ball, location: 2F 0-2: Ball 1-2: Foul Ball, location: 2F 1-2: Ball 2-2: Ball 3-2: Foul Ball, location: 2F 3-2: Foul Ball, location: 2F 3-2: Foul Ball, location: 2F 3-2: DOUBLE (Line Drive, 5D, EV 105.6 MPH)
|
Batting: RHB Henry Alvizo
|
0-0: Ground out 6-3 (Groundball, 6, EV 101.2 MPH)
|
Bottom of the 3rd over - 0 runs, 1 hit, 0 errors, 1 left on base; Pittsburgh 5 - Colorado 0 |
TOP OF THE 4TH |
Pittsburgh Pirates batting - Pitching for Colorado Rockies : LHP Xu-gang Zhou
|
Batting: RHB David Contreras
|
0-0: Ball 1-0: Ball 2-0: Ball 3-0: Base on Balls
|
Batting: SHB Marvin McAleer
|
0-0: Swinging Strike 0-1: Called Strike 0-2: Ball 1-2: Foul Ball, location: 2F 1-2: Ball 2-2: Strikes out looking
|
Batting: SHB Jack Andrews
|
0-0: Called Strike 0-1: Swinging Strike 0-2: Strikes out swinging
|
Batting: LHB Chris Salim
|
0-0: Ball 1-0: Called Strike 1-1: Foul Ball, location: 2F 1-2: Strikes out swinging
|
Top of the 4th over - 0 runs, 0 hits, 0 errors, 1 left on base; Pittsburgh 5 - Colorado 0 |
BOTTOM OF THE 4TH |
Colorado Rockies batting - Pitching for Pittsburgh Pirates : LHP Felix Bernal
|
Batting: RHB Joel Haycock
|
0-0: Ball 1-0: DOUBLE (Line Drive, 89M, EV 90.0 MPH)
|
Batting: SHB Andy Vivas
|
0-0: Called Strike 0-1: Ball 1-1: Foul Ball, location: 2F 1-2: Ball 2-2: Ball 3-2: SINGLE (Groundball, 34D, EV 99.4 MPH) Joel Haycock to third Runner from 3rd tries for Home, SAFE, throw by RF to home
|
Batting: RHB Jason Andrews
|
0-0: Called Strike 0-1: Foul Ball, location: 2F 0-2: SINGLE (Flyball, 7LS, EV 94.4 MPH) Andy Vivas to second
|
Batting: SHB Eddie Quinones
|
0-0: Swinging Strike 0-1: Fly out, F2 (Popup, 3SF, EV 78.1 MPH)
|
Batting: LHB Shawn Morrison
|
0-0: Ball 1-0: Foul Ball, location: 2F 1-1: Ball 2-1: Foul Ball, location: 2F 2-2: Strikes out looking
|
Batting: RHB Ryan Rinaldi
|
0-0: Ball 1-0: Ball 2-0: Called Strike 2-1: Ball 3-1: Foul Ball, location: 2F 3-2: Base on Balls Andy Vivas to third Jason Andrews to second
|
Batting: SHB Jon Munoz
|
0-0: Ball 1-0: Ball 2-0: Called Strike 2-1: Fly out, F7 (Line Drive, 7LM, EV 89.4 MPH)
|
Bottom of the 4th over - 1 run, 3 hits, 0 errors, 3 left on base; Pittsburgh 5 - Colorado 1 |
TOP OF THE 5TH |
Pittsburgh Pirates batting - Pitching for Colorado Rockies : LHP Xu-gang Zhou
|
Batting: RHB Jason Moss
|
0-0: Called Strike 0-1: Swinging Strike 0-2: Strikes out looking
|
Batting: RHB Jerry Escamilla
|
0-0: Ground out 6-3 (Groundball, 6MD, EV 86.2 MPH)
|
Batting: SHB Brad Day
|
0-0: Ball 1-0: Ball 2-0: Ball 3-0: Base on Balls
|
Batting: SHB Trevor Weareorwear
|
0-0: Called Strike 0-1: Ball 1-1: Called Strike Brad Day is caught stealing 2nd base 2-4
|
Top of the 5th over - 0 runs, 0 hits, 0 errors, 0 left on base; Pittsburgh 5 - Colorado 1 |
BOTTOM OF THE 5TH |
Colorado Rockies batting - Pitching for Pittsburgh Pirates : LHP Felix Bernal
|
Batting: RHB Bobby Bowman
|
0-0: Ball 1-0: Ball 2-0: Ball 3-0: Foul Ball, location: 2F 3-1: DOUBLE (Flyball, 8LXD, EV 105.6 MPH)
|
Batting: RHB Henry Alvizo
|
0-0: Ball 1-0: SINGLE (Groundball, 56S, EV 66.9 MPH) (infield hit) Bobby Bowman to third
|
Batting: RHB Joel Haycock
|
0-0: Ball 1-0: SINGLE (Groundball, 4MD, EV 95.0 MPH) Bobby Bowman scores Henry Alvizo to second Runner from 2nd tries for 3rd, OUT! 8-5
|
Batting: SHB Andy Vivas
|
0-0: Called Strike 0-1: Fly out, F8 (Line Drive, 8LS, EV 90.0 MPH)
|
Batting: RHB Jason Andrews
|
0-0: Ball 1-0: Called Strike 1-1: Ball 2-1: Ball 3-1: Fly out, F8 (Flyball, 8LD, EV 107.5 MPH)
|
Bottom of the 5th over - 1 run, 3 hits, 0 errors, 1 left on base; Pittsburgh 5 - Colorado 2 |
TOP OF THE 6TH |
Pittsburgh Pirates batting - Pitching for Colorado Rockies : LHP Xu-gang Zhou
|
Pitching: LHP Mike Nimmo
|
|
Batting: SHB Trevor Weareorwear
|
0-0: Ball 1-0: SINGLE (Line Drive, 7LS, EV 91.9 MPH)
|
Batting: LHB Micah Boshnjaku
|
0-0: Called Strike 0-1: Ball 1-1: Ball 2-1: Foul Ball, location: 2F 2-2: Ball 3-2: Strikes out swinging
|
Batting: RHB David Contreras
|
0-0: Called Strike 0-1: Called Strike 0-2: Strikes out swinging
|
Batting: SHB Marvin McAleer
|
0-0: Ball 1-0: Swinging Strike 1-1: Foul Ball, location: 2F 1-2: Ball 2-2: Strikes out looking
|
Top of the 6th over - 0 runs, 1 hit, 0 errors, 1 left on base; Pittsburgh 5 - Colorado 2 |
BOTTOM OF THE 6TH |
Colorado Rockies batting - Pitching for Pittsburgh Pirates : LHP Felix Bernal
|
Batting: SHB Eddie Quinones
|
0-0: Ball 1-0: Foul Ball, location: 2F 1-1: Foul Ball, location: 2F 1-2: Strikes out swinging
|
Batting: LHB Shawn Morrison
|
0-0: Swinging Strike 0-1: Ball 1-1: Ground out 4-3 (Groundball, 4, EV 103.8 MPH)
|
Batting: RHB Ryan Rinaldi
|
0-0: Ball 1-0: Ball 2-0: Ball 3-0: Called Strike 3-1: Fly out, F7 (Flyball, 7LM, EV 88.8 MPH)
|
Bottom of the 6th over - 0 runs, 0 hits, 0 errors, 0 left on base; Pittsburgh 5 - Colorado 2 |
TOP OF THE 7TH |
Pittsburgh Pirates batting - Pitching for Colorado Rockies : LHP Mike Nimmo
|
Pitching: LHP Bill Ogren
|
|
Batting: SHB Jack Andrews
|
0-0: Foul Ball, location: 2F 0-1: Ball 1-1: Ball 2-1: Ground out 5-3 (Groundball, 5, EV 103.1 MPH)
|
Batting: LHB Chris Salim
|
0-0: Called Strike 0-1: Ball 1-1: Fly out, F5 (Popup, 5SF, EV 81.9 MPH)
|
Batting: RHB Jason Moss
|
0-0: Ball 1-0: Ball 2-0: Called Strike 2-1: Swinging Strike 2-2: Ball 3-2: Foul Ball, location: 2F 3-2: Base on Balls
|
Batting: RHB Jerry Escamilla
|
0-0: Fly out, F8 (Flyball, 8LD, EV 90.0 MPH)
|
Top of the 7th over - 0 runs, 0 hits, 0 errors, 1 left on base; Pittsburgh 5 - Colorado 2 |
BOTTOM OF THE 7TH |
Colorado Rockies batting - Pitching for Pittsburgh Pirates : LHP Felix Bernal
|
Batting: SHB Jon Munoz
|
0-0: Ground out U3 (Groundball, 13, EV 86.2 MPH)
|
Pitching: LHP Tim Wichman
|
|
Batting: RHB Bobby Bowman
|
0-0: Ground out 5-3 (Groundball, 5, EV 91.2 MPH)
|
Batting: RHB Henry Alvizo
|
0-0: Ball 1-0: Foul Ball, location: 2F 1-1: Swinging Strike 1-2: Strikes out swinging
|
Bottom of the 7th over - 0 runs, 0 hits, 0 errors, 0 left on base; Pittsburgh 5 - Colorado 2 |
TOP OF THE 8TH |
Pittsburgh Pirates batting - Pitching for Colorado Rockies : LHP Bill Ogren
|
Batting: SHB Brad Day
|
0-0: Ball 1-0: Ball 2-0: Ball 3-0: Called Strike 3-1: Base on Balls
|
Batting: SHB Trevor Weareorwear
|
0-0: Ball 1-0: Called Strike Brad Day is caught stealing 2nd base 2-4 1-1: Ball 2-1: Ball 3-1: Fly out, F9 (Flyball, 89S, EV 89.4 MPH)
|
Batting: LHB Micah Boshnjaku
|
0-0: Swinging Strike 0-1: Foul Ball, location: 2F 0-2: Ball 1-2: Ball 2-2: Strikes out looking
|
Top of the 8th over - 0 runs, 0 hits, 0 errors, 0 left on base; Pittsburgh 5 - Colorado 2 |
BOTTOM OF THE 8TH |
Colorado Rockies batting - Pitching for Pittsburgh Pirates : LHP Tim Wichman
|
Batting: RHB Joel Haycock
|
0-0: Ball 1-0: Foul Ball, location: 2F 1-1: Foul Ball, location: 2F 1-2: SINGLE (Groundball, 34D, EV 105.6 MPH)
|
Batting: SHB Andy Vivas
|
0-0: Ball 1-0: Ball 2-0: Ball 3-0: Called Strike 3-1: SINGLE (Popup, 5D, EV 51.9 MPH) Joel Haycock to second
|
Batting: RHB Jason Andrews
|
0-0: Called Strike 0-1: Ball 1-1: Called Strike 1-2: Strikes out swinging
|
Batting: SHB Eddie Quinones
|
0-0: Called Strike 0-1: Foul Ball, location: 2F 0-2: Strikes out swinging
|
Batting: LHB Shawn Morrison
|
0-0: Ball 1-0: SINGLE (Line Drive, 89S, EV 107.5 MPH) Joel Haycock to third Andy Vivas to second Runner from 3rd tries for Home, SAFE, throw by RF to home
|
Batting: RHB Ryan Rinaldi
|
0-0: Called Strike 0-1: Ball 1-1: Ball 2-1: Foul Ball, location: 2F 2-2: SINGLE (Groundball, 6MD, EV 104.4 MPH) Andy Vivas to third Shawn Morrison to second Runner from 3rd tries for Home, SAFE, throw by CF to home
|
Batting: SHB Jon Munoz
|
0-0: Ball 1-0: Foul Ball, location: 2F 1-1: Swinging Strike 1-2: Ground out U3 (Groundball, 3S, EV 85.6 MPH)
|
Bottom of the 8th over - 2 runs, 4 hits, 0 errors, 2 left on base; Pittsburgh 5 - Colorado 4 |
TOP OF THE 9TH |
Pittsburgh Pirates batting - Pitching for Colorado Rockies : LHP Bill Ogren
|
Pitching: RHP Tye Dickinson
|
|
Batting: RHB David Contreras
|
0-0: Ball 1-0: Foul Ball, location: 2F 1-1: Ball 2-1: Swinging Strike 2-2: Foul Ball, location: 2F 2-2: Foul Ball, location: 2F 2-2: Strikes out looking
|
Batting: SHB Marvin McAleer
|
0-0: Ball 1-0: Swinging Strike 1-1: Ball 2-1: Foul Ball, location: 2F 2-2: Strikes out swinging
|
Batting: SHB Jack Andrews
|
0-0: Called Strike 0-1: Ball 1-1: Ball 2-1: Fly out, F8 (Flyball, 89M, EV 75.6 MPH)
|
Top of the 9th over - 0 runs, 0 hits, 0 errors, 0 left on base; Pittsburgh 5 - Colorado 4 |
BOTTOM OF THE 9TH |
Colorado Rockies batting - Pitching for Pittsburgh Pirates : LHP Tim Wichman
|
Pitching: RHP Jeremy Kennie
|
|
Batting: RHB Bobby Bowman
|
0-0: Called Strike 0-1: Ball 1-1: Called Strike 1-2: Strikes out looking
|
Batting: RHB Henry Alvizo
|
0-0: Ball 1-0: Fly out, F9 (Flyball, 89S, EV 71.9 MPH)
|
Batting: RHB Joel Haycock
|
0-0: Called Strike 0-1: Ball 1-1: Fly out, F8 (Line Drive, 8RM, EV 92.5 MPH)
|
Bottom of the 9th over - 0 runs, 0 hits, 0 errors, 0 left on base; Pittsburgh 5 - Colorado 4 |
|